 Dungeon Crawl Stone Soup version 0.25-a0-565-g8875c97ebb (webtiles) character file.

Game seed: 12622957912643471098, levelgen mode: classic

263318 EnegeticOcto the Champion of Chaos (level 18, -21/180 HPs)
             Began as a Deep Dwarf Fighter on Feb 26, 2020.
             Was the Champion of Makhleb.
             Killed from afar by a purple draconian (42 damage)
             ... with a bolt of dispelling energy
             ... on level 5 of the Realm of Zot.
             The game lasted 00:23:29 (19390 turns).

EnegeticOcto the Champion of Chaos (DDFi)          Turns: 19390, Time: 00:23:29

Health: -21/180    AC: 34    Str: 21 (22) XL:     18   Next: 79%
Magic:  6/6        EV:  9    Int:  8      God:    Makhleb [******]
Gold:   2993       SH:  0    Dex: 10      Spells: 17/17 levels left

rFire    + + +     SeeInvis .   a - +8 broad axe (distort)
rCold    + + +     Gourm    .   c - +1 kite shield
rNeg     + . .     Faith    .   S - +2 gold dragon scales
rPois    +         Spirit   .   (helmet restricted)
rElec    +         Reflect  .   i - +2 cloak {rPois}
rCorr    +         Harm     .   (no gloves)
MR       ++...                  b - +0 pair of boots of Hoavvad {rF+++ rC+++ Str-4 Int-4}
Stlth    ..........             w - amulet of the Air {Inacc +Fly rElec EV+5 RMsl}
HPRegen  0.00/turn              l - ring of Robustness {AC+8, =R}
MPRegen  0.10/turn              M - +3 ring of intelligence

@: mighty, resistant (expiring), held, non-regenerating, hasted (expiring),
repel missiles, very quick
A: damage resistance, heal wounds, horns 1, large bone plates 1, clumsy 1,
deterioration 1, mutation resistance 1, negative energy resistance 1, sense
surroundings 3, weak 1, no regeneration
}: 3/15 runes: decaying, abyssal, gossamer
a: Heal Wounds, Minor Destruction, Lesser Servant of Makhleb, Major Destruction,
Greater Servant of Makhleb, Renounce Religion, Evoke Flight


You were on level 5 of the Realm of Zot.
You worshipped Makhleb.
Makhleb was exalted by your worship.
You were not hungry.

You visited 7 branches of the dungeon, and saw 37 of its levels.
You visited the Abyss 2 times.
You also visited: Sewer, Bailey and Gauntlet.

You collected 3650 gold pieces.
You spent 657 gold pieces at shops.

Inventory:

Hand Weapons
 a - a +8 broad axe of distortion (weapon)
 G - a +1 war axe of draining
Missiles
 r - 6 throwing nets (quivered)
Armour
 b - the +0 pair of boots of Hoavvad (worn) {rF+++ rC+++ Str-4 Int-4}
   (You found it in a Gauntlet)

   It affects your strength (-4).
   It affects your intelligence (-4).
   It renders you almost immune to fire.
   It renders you almost immune to cold.
   If you remove this armour, your AC will decrease by 1 (34 -> 33).
 c - a +1 kite shield (worn)
 i - a +2 cloak of poison resistance (worn)
 C - the +0 plate armour of Anaesthesia {Dex+3 Slay+3}
   (You found it on level 10 of the Dungeon)

   It affects your dexterity (+3).
   It affects your accuracy and damage with ranged weapons and melee attacks
   (+3).
   If you switch to wearing this armour, your AC will decrease by 5 (34 -> 29).
 S - +2 gold dragon scales (worn)
Jewellery
 h - the ring "Foestryad" {rF+ rN+ MR+}
   (You found it on level 4 of the Spider Nest)

   [ring of protection from magic]

   It protects you from fire.
   It protects you from negative energy.
   It affects your resistance to hostile enchantments.
 l - the ring of Robustness (left hand) {AC+8, =R}
   (You took it off a crimson imp on level 10 of the Dungeon)

   [ring of protection]

   It affects your AC (+8).
 w - the amulet of the Air (around neck) {Inacc +Fly rElec EV+5 RMsl}
   (You bought it in a shop on level 8 of the Dungeon)

   [amulet of inaccuracy]

   It reduces the accuracy of all your attacks.
   It affects your evasion (+5).
   It insulates you from electricity.
   It lets you fly.
   It protects you from missiles.
 E - the amulet of Satyriasis {Reflect SH+5 SInv}
   (You found it on level 3 of the Spider Nest)

   [amulet of reflection]

   It shields you and reflects attacks.
   It lets you see invisible.
   It affects your SH (+5).
 M - a +3 ring of intelligence (right hand)
Wands
 p - a wand of paralysis (21)
 x - a wand of flame (39)
 B - a wand of polymorph (8)
 D - a wand of clouds (3)
 H - a wand of acid (17) {@v1}
 R - a wand of iceblast (5)
Scrolls
 d - 8 scrolls of teleportation {@r2}
 g - 10 scrolls of remove curse {@r6}
 t - 6 scrolls of blinking {@r3}
 v - a scroll of fear
 J - 9 scrolls of identify {@r1}
 L - a scroll of fog
 N - a scroll of torment
 P - 3 scrolls of magic mapping {@r5}
Potions
 f - 4 potions of flight
 j - a potion of stabbing {@q5}
 k - a potion of might {@q3}
 n - a potion of haste {@q4}
 o - 8 potions of lignification {@q7}
 q - a potion of cancellation
 s - 6 potions of ambrosia
 A - a potion of heal wounds {@q2}
 F - 2 potions of magic
 I - a potion of brilliance
 K - a potion of mutation
 Q - a potion of berserk rage
Miscellaneous
 u - a lightning rod (4/4)
Comestibles
 e - 22 rations
 z - 8 chunks of flesh


   Skills:
 * Level 15.6 Fighting
 * Level 18.0 Axes
 + Level 13.6 Armour
 - Level 10.2 Dodging
 + Level 13.6 Shields
 * Level 19.4 Invocations


You had 17 spell levels left.
You didn't know any spells.
Your spell library was empty.

Dungeon Overview and Level Annotations

Branches:
Dungeon (15/15)            Temple (1/1) D:7            Lair (3/6) D:10
  Swamp (4/4) Lair:3       Spider (4/4) Lair:2          Orc (0/2) D:11
 Vaults (0/5) D:13         Depths (5/5) D:15            Zot (5/5) Depths:5
  Sewer (visited)          Bailey (visited)         Gauntlet (visited)

Altars:
Ashenzari
Dithmenos
Fedhas
Hepliaklqana
Makhleb
Okawaru
Qazlal
Ru
Sif Muna
Trog
Vehumet
Wu Jian
Xom
Yredelemnul
Beogh
Lugonu

Shops:
D:7 [   D:8 =   D:11 *   Depths:4 *

Portals:
Hell: Depths:5
Abyss: Depths:4
Pandemonium: Depths:3

Annotations:
D:11 1 runed translucent door, EtherCrawl's ghost, journeyman DDBe
D:13 Azrael
Lair:2 1 runed translucent door
Spider:3 Roxanne
Abyss:1 Aizul


Innate Abilities, Weirdness & Mutations

You are resistant to damage.
You can heal yourself by infusing magical energy.
You resist negative energy. (rN+)
You passively map a large area around you.
You do not regenerate.
You have a pair of small horns on your head.
You are partially covered in large bone plates. (SH +4)
You are clumsy. (Dex -2)
Your body sometimes deteriorates upon taking damage.
You are somewhat resistant to further mutation.
You are weak. (Str -2)


Message History

A moth of wrath comes into view.
The moth of wrath's fur bristles in rage as it notices you.
You hear a shout!
You hear a chilling moan.
You hear a roar!
An orb of fire comes into view.
The orb of fire glows bright magenta.
The bolt of fire hits you. You resist.
An electric golem comes into view.
An ancient lich comes into view.
A tentacled monstrosity comes into view.
A black draconian monk comes into view.
An Orb Guardian comes into view.
A purple draconian comes into view. It is wielding a +0 mace.
Found a giant club.
A red draconian comes into view. It is wielding a +0 glaive.
As you read the scroll of fear, it crumbles to dust.
You assume a fearsome visage.
The electric golem is unaffected.
The tentacled monstrosity is unaffected.
The Killer Klown resists with almost no effort.
The black draconian shifter looks frightened!
The ancient lich is unaffected.
The orb of fire is unaffected.
The Killer Klown resists with almost no effort.
The ancient lich is unaffected.
The Orb Guardian resists with almost no effort.
The purple draconian resists with almost no effort.
The red draconian looks frightened!
The black draconian monk resists with some effort.
The green draconian scorcher looks frightened!
The green draconian looks frightened!
The white draconian looks frightened!
The white draconian stormcaller looks frightened!
The moth of wrath looks frightened!
The orb of fire glows bright magenta.
The fireball explodes!
The fireball engulfs you! You resist.
A curse toe comes into view.
The black draconian shifter blinks!
The ancient lich casts a spell.
The ancient lich flickers and vanishes!
Deactivating autopickup; reactivate with Ctrl-A.
A golden dragon comes into view.
The golden dragon roars deafeningly!
You hear a chilling moan.
You hear a shout!
As you read the scroll of summoning, it crumbles to dust.
Wisps of shadow whirl around you...
The electric golem blinks!
The Killer Klown blinks!
A demon appears!
It doesn't seem very happy.
Send 'em back where they came from!
Your red draconian dissolves into shadows!
The golden dragon fails to trigger a net trap.
The black draconian monk breathes lightning at you.
The bolt of lightning hits you! You resist.
A demon appears!
It doesn't seem very happy.
An Orb Guardian comes into view. x2
Your white draconian breathes frost at the white draconian.
The chilling blast hits the white draconian.
The white draconian resists.
Your white draconian's attack snaps the white draconian out of its fear.
The Orb Guardian hits your storm dragon!
The curse toe calls on the powers of darkness!
The golden dragon convulses!
The black draconian monk convulses!
The Orb Guardian convulses!
The Killer Klown convulses!
The moth of wrath convulses!
Your body is wracked with pain!
You block the Killer Klown's attack.
Something touches you but does no damage.
A curse toe comes into view.
A demon appears!
The Executioner hits you but does no damage.
The Executioner hits you.
The Executioner hits you but does no damage.
Your storm dragon barely misses the Orb Guardian.
Your storm dragon claws the Orb Guardian.
Your storm dragon tramples the Orb Guardian but does no damage.
The Orb Guardian hits your storm dragon!!
Your white draconian hits the white draconian with a +0 trident!
You are too injured to fight recklessly!
You are too injured to fight recklessly!
You feel much better.
The Executioner gestures.
The Executioner seems to speed up.
The Executioner hits you but does no damage. x2
The Executioner hits you. The Killer Klown completely misses you.
The curse toe drops a net on you. A large net falls onto you!
You become entangled in the net!
The white draconian hits your white draconian with a +0 glaive.
Your storm dragon misses the Orb Guardian.
Your storm dragon claws the Orb Guardian but does no damage.
Your storm dragon misses the Orb Guardian.
You hear some strange, mumbled words.
An iron shot appears from out of thin air!
The iron shot hits you!!!
* * * LOW HITPOINT WARNING * * *
The Orb Guardian hits your storm dragon!!!
The electric golem barely misses your cacodemon.
The electric golem hits your cacodemon but does no damage. x2
The electric golem hits your cacodemon!
The purple draconian breathes dispelling energy at you.
The bolt of dispelling energy hits something!!
Reactivating autopickup.
The ancient lich's magical effects unravel!
The bolt of dispelling energy hits you!!!
Your magical effects are unravelling.
You die...

* , , ^ ,, *
..z.........q..,
* , ,
○z.^.........d.
, ,^ * ,,
......§........
,,, * , ,^
...D...........
, ,
.........dX...^
, , * ,
.......qd..d...,
, * **
..X.8.p11.....d
,,, ,
y....2*@L.L.p..
#▓........DXX..
,, , *
▓▓▓▓..........,
** *▓▓▓▓▓▓▓▓##.,
^ * ** , , , * ,
, , , * * * , ,
,, ,, ,, ** , ,
, ,, , , * , , ,


You could see an orb of fire, 2 Killer Klowns, an electric golem, a tentacled
monstrosity, a black draconian monk, a golden dragon, 2 ancient liches, a green
draconian (fleeing), a purple draconian, a red draconian (fleeing), a white
draconian, 2 curse toes, 3 Orb Guardians, a green draconian scorcher (fleeing),
2 Executioners, a moth of wrath (fleeing), a friendly storm dragon, a friendly
white draconian and a friendly cacodemon.

Vanquished Creatures
  An orb of fire (Zot:4)
  A curse toe (Zot:3)
  2 golden dragons
  Arachne (Spider:4)
  A quicksilver dragon (Zot:1)
  Agnes (Spider:2)
  3 death cobs
  A shadow dragon (Zot:4)
  A tentacled starspawn (Abyss:4)
  A storm dragon (Depths:5)
  2 thorn hunters
  A draconian monk (Zot:4)
  A tengu reaver (Depths:4)
  2 fire giants
  2 draconian knights (Zot:4)
  2 draconian scorchers (Zot:4)
  A ghost moth (Zot:3)
  2 emperor scorpions
  A deep elf elementalist (Abyss:3)
  2 draconian shifters (Zot:4)
  3 spriggan defenders
  4 draconian annihilators
  7 very ugly things
  2 entropy weavers (Spider:4)
  5 stone giants
  Nessos (D:15)
  A yellow draconian (Zot:3)
  4 green draconians
  A spark wasp (Spider:3)
  A white draconian (Zot:3)
  A minotaur (Gauntlet)
  3 dire elephants
  A green death (Abyss:4)
  An ettin (Depths:2)
  2 fire dragons
  3 yaktaur captains
  An ogre mage (Depths:1)
  4 ice dragons
  5 hydras
  A ghost crab (Swamp:3)
  2 rakshasas
  Harold (D:9)
  A spriggan air mage (Depths:5)
  9 alligators
  A shambling mangrove (Swamp:1)
  2 centaur warriors
  A dancing weapon (D:13)
  3 two-headed ogres
  6 death yaks (D:10)
  2 tengu warriors (Depths:1)
  A hell hog (Abyss:4)
  A thrashing horror (Abyss:4)
  A sun demon (Abyss:4)
  A spriggan berserker (Depths:4)
  5 spriggans
  2 wretched stars
  A hell knight (Depths:2)
  An obsidian statue (D:10)
  A wizard (Depths:1)
  3 swamp dragons (Swamp:4)
  A glowing orange brain (Depths:4)
  A cyclops (D:12)
  A deep elf mage (D:12)
  9 orb spiders
  12 wolf spiders
  A manticore (D:13)
  8 ugly things
  7 moths of wrath
  4 elephants
  2 black mambas
  Maggie (D:6)
  5 smoke demons
  7 spiny frogs
  2 gargoyles
  3 torpor snails
  2 orange demons (Abyss:3)
  2 rime drakes (Lair:2)
  7 yaktaurs
  4 komodo dragons
  2 hellwings
  12 demonic crawlers
  4 ancient zymes
  2 trolls
  15 jumping spiders
  18 hornets
  6 tyrant leeches
  Prince Ribbit (D:7)
  19 slime creatures
  A blink frog (shapeshifter) (Depths:2)
  2 dream sheep (D:9)
  4 blink frogs (Swamp:3)
  8 raiju
  5 bog bodies
  An alligator zombie (Abyss:3)
  10 hippogriffs
  A meliai zombie (D:14)
  18 tarantellas
  20 redbacks
  6 yaks
  6 shadows
  2 wraiths
  A fire elemental (D:13)
  3 basilisks
  3 hungry ghosts
  2 ynoxinuls
  A chaos spawn (Abyss:4)
  16 vampire mosquitoes
  8 swamp worms
  11 insubstantial wisps
  4 soldier ants (Spider:1)
  3 spatial vortices
  4 hell hounds (D:13)
  6 large abominations
  10 swamp drakes
  3 water moccasins
  4 porcupines
  4 small abominations
  5 ice beasts
  8 orc warriors
  4 sky beasts
  A phantom (D:7)
  2 black bears (D:11)
  5 ogres
  17 wolves
  27 centaurs
  16 starcursed masses
  7 crocodiles
  3 big kobolds (D:9)
  8 bullfrogs
  9 scorpions
  A swamp dragon simulacrum (Abyss:3)
  8 wights
  7 killer bees
  6 howler monkeys
  An electric eel (D:7)
  2 centaur zombies
  5 crimson imps
  6 hounds
  2 quasits
  Crazy Yiuf (D:6)
  A bullfrog zombie (D:9)
  2 jellies
  5 bullfrog skeletons
  10 orc wizards
  8 orc priests
  5 centaur skeletons
  An iron imp (Depths:5)
  Ijyb (D:4)
  2 iguanas
  14 worker ants
  A killer bee zombie (D:8)
  2 hound skeletons
  8 gnolls
  3 river rats (D:5)
  13 adders
  4 shadow imps
  2 white imps
  An ufetubus (Abyss:3)
  12 oozes (Sewer)
  2 adder skeletons
  4 worms (D:5)
  A dart slug (D:1)
  16 leopard geckos
  56 orcs
  16 giant cockroaches
  11 goblins
  2 hobgoblins (D:1)
  10 jackals
  2 kobolds (D:1)
  A quokka (D:10)
  11 ball pythons
  17 frilled lizards
  10 rats
  A briar patch (Swamp:2)
  A fungus (Lair:1)
  2 plants (Lair:2)
  2 starspawn tentacles (Abyss:4)
861 creatures vanquished.

Vanquished Creatures (collateral kills)
  A curse toe (Zot:5)
  A tentacled monstrosity (Zot:5)
  A death cob (Zot:5)
  2 storm dragons (Zot:5)
  A ghost moth (Zot:5)
  A yellow draconian (Zot:5)
  A black draconian (Zot:5)
  A hydra (Swamp:4)
  3 swamp dragons (Swamp:4)
  7 orb spiders
  A moth of wrath (Zot:5)
  2 demonic crawlers
  A hornet (Spider:4)
  2 tarantellas
  A redback (Spider:2)
  3 insubstantial wisps (Swamp:4)
  A swamp drake (Swamp:4)
30 creatures vanquished.

Vanquished Creatures (others)
  A golden dragon (Zot:4)
  A curse toe (Zot:5)
  2 storm dragons (Zot:4)
  A thorn hunter (Swamp:4)
  A draconian monk (Zot:4)
  A revenant (Abyss:3)
  2 draconian knights (Zot:4)
  A ghost moth (Spider:4)
  An emperor scorpion (Spider:4)
  A frost giant (Depths:1)
  A very ugly thing (Depths:5)
  A draconian stormcaller (Zot:4)
  3 black draconians
  A dire elephant (D:15)
  2 purple draconians
  A green draconian (Zot:3)
  A yellow draconian (Zot:4)
  A red draconian (Zot:4)
  A fire dragon (D:15)
  2 yaktaur captains
  A great orb of eyes (Depths:1)
  2 ice dragons
  4 hydras (Swamp:4)
  A centaur warrior (D:15)
  An alligator (Swamp:2)
  2 death yaks (D:10)
  2 spriggan berserkers (Depths:5)
  A wretched star (Abyss:4)
  A spriggan rider (Depths:5)
  A sixfirhy (D:15)
  An unseen horror (D:15)
  2 swamp dragons (Swamp:4)
  An orange crystal statue (Gauntlet)
  A deep elf mage (D:14)
  2 manticores
  4 ugly things
  2 orb spiders (Spider:2)
  4 wolf spiders
  2 moths of wrath
  A cyclops (D:10)
  3 elephants (Lair:3)
  A centaur zombie (D:13)
  A centaur skeleton (D:7)
  3 demonic crawlers
  A yaktaur (Depths:5)
  4 jumping spiders
  2 tyrant leeches
  A blink frog (Swamp:3)
  A raiju (Abyss:3)
  A hippogriff (D:12)
  A redback (Spider:2)
  A spriggan (Depths:5)
  A shadow (Gauntlet)
  2 tarantellas (Spider:3)
  A wyvern (D:12)
  A yak (D:9)
  2 vampire mosquitoes
  A swamp worm (Swamp:4)
  2 insubstantial wisps
  2 orc warriors
  2 centaurs (D:15)
  A crocodile (Lair:1)
  A bullfrog (D:7)
  A wyvern skeleton (D:14)
  A howler monkey (D:8)
  An orc wizard (D:8)
  An adder (D:8)
  An orc (D:11)
  A jackal (D:9)
  2 briar patches (Swamp:2)
  A fungus (D:4)
  4 plants
  2 starspawn tentacles (Abyss:4)
  9 toadstools (Lair:2)
122 creatures vanquished.

Grand Total: 1013 creatures vanquished

Notes
Turn   | Place    | Note
-------+----------+-------------------------------------------
     0 | D:1      | EnegeticOcto the Deep Dwarf Fighter began the quest for the
                  | Orb.
     0 | D:1      | Reached XP level 1. HP: 20/20 MP: 1/1
   158 | D:1      | Reached XP level 2. HP: 25/27 MP: 2/2
   344 | D:4      | Reached skill level 1 in Dodging
   344 | D:4      | Reached XP level 3. HP: 27/34 MP: 3/3
   370 | D:4      | Reached XP level 4. HP: 25/42 MP: 4/4
   417 | D:4      | Noticed an ogre
   426 | D:4      | Killed an ogre
   426 | D:4      | Reached XP level 5. HP: 38/49 MP: 5/5
   473 | D:4      | Noticed an ogre
   485 | D:4      | Killed an ogre
   485 | D:4      | Reached XP level 6. HP: 33/57 MP: 6/6
   702 | D:4      | Found a blossoming altar of Fedhas.
   787 | D:4      | Reached XP level 7. HP: 55/66 MP: 5/5
   961 | D:4      | Noticed Ijyb
   987 | D:4      | Killed Ijyb
   987 | D:4      | Reached skill level 5 in Axes
  1234 | D:5      | Entered Level 5 of the Dungeon
  1354 | D:5      | Found a bloodstained altar of Trog.
  1397 | D:5      | Reached skill level 5 in Fighting
  1407 | D:5      | HP: 3/67 [orc priest/divine providence (8)]
  1545 | D:5      | Reached skill level 5 in Shields
  1626 | D:5      | Reached skill level 5 in Armour
  1626 | D:5      | Reached XP level 8. HP: 46/74 MP: 4/4
  1896 | D:5      | Found a glowing drain.
  1901 | Sewer    | Entered a sewer
  2679 | D:6      | Noticed Maggie
  2701 | D:6      | Killed Maggie
  2702 | D:6      | Found a basalt altar of Yredelemnul.
  2702 | D:6      | Found a sacrificial altar of Ru.
  2743 | D:6      | Gained mutation: You passively map the area around you.
                  | [Deep Dwarf growth]
  2743 | D:6      | Reached XP level 9. HP: 68/82 MP: 4/4
  2931 | D:6      | Found a runed translucent door.
  2932 | D:6      | Noticed Crazy Yiuf
  3071 | D:6      | Found a hazy altar of Hepliaklqana.
  3319 | D:6      | Found a radiant altar of Vehumet.
  3585 | D:6      | Killed Crazy Yiuf
  3661 | D:7      | Found a sacrificial altar of Ru.
  3843 | D:7      | Found a staircase to the Ecumenical Temple.
  3849 | Temple   | Entered the Ecumenical Temple
  3912 | Temple   | Became a worshipper of Makhleb the Destroyer
  3951 | D:7      | Noticed Prince Ribbit
  3958 | D:7      | Reached skill level 5 in Dodging
  3958 | D:7      | Reached skill level 1 in Invocations
  4070 | D:7      | Reached skill level 2 in Invocations
  4160 | D:7      | Found Qircheaph's Armour Emporium.
  4292 | D:7      | Killed Prince Ribbit
  4292 | D:7      | Reached skill level 3 in Invocations
  4518 | D:8      | Found a shimmering altar of Xom.
  4622 | D:8      | Reached skill level 4 in Invocations
  4639 | D:8      | Found a flagged portal.
  4645 | Bailey   | Entered a bailey
  4679 | Bailey   | Found a burning altar of Makhleb.
  4683 | Bailey   | Reached * piety under Makhleb
  4683 | Bailey   | Reached XP level 10. HP: 90/94 MP: 5/5
  4754 | D:8      | Found Qusoorph's Jewellery Boutique.
  4761 | D:8      | Bought the amulet of the Air {Inacc +Fly rElec EV+5 RMsl}
                  | for 523 gold pieces
  4761 | D:8      | Found the amulet of the Air {Inacc +Fly rElec EV+5 RMsl}
  5189 | D:9      | Reached skill level 5 in Invocations
  5331 | D:9      | Found a roughly hewn altar of Beogh.
  5363 | D:9      | Reached ** piety under Makhleb
  5580 | D:9      | Reached skill level 6 in Invocations
  5605 | D:9      | Noticed a two-headed hydra
  5727 | D:9      | Noticed Harold
  5997 | D:9      | Gained mutation: You are partially covered in large bone
                  | plates. (SH +4) [potion of mutation]
  5997 | D:9      | Gained mutation: Scrolls take you a little longer to read.
                  | [potion of mutation]
  5997 | D:9      | Gained mutation: You expend magic power (3 MP) to
                  | strengthen your wands. [potion of mutation]
  5998 | D:9      | Lost mutation: You expend magic power (3 MP) to strengthen
                  | your wands. [potion of mutation]
  5998 | D:9      | Lost mutation: Scrolls take you a little longer to read.
                  | [potion of mutation]
  5998 | D:9      | Gained mutation: You have a pair of small horns on your
                  | head. [potion of mutation]
  5998 | D:9      | Gained mutation: You are somewhat resistant to further
                  | mutation. [potion of mutation]
  6034 | D:10     | Entered Level 10 of the Dungeon
  6074 | D:10     | Noticed a cyclops
  6121 | D:10     | Banished a cyclops
  6220 | D:10     | Noticed a two-headed ogre
  6240 | D:10     | Killed a two-headed ogre
  6240 | D:10     | Reached skill level 7 in Invocations
  6240 | D:10     | Reached XP level 11. HP: 80/104 MP: 8/8
  6290 | D:10     | Noticed an obsidian statue
  6323 | D:10     | Noticed a death yak
  6323 | D:10     | Noticed a death yak
  6324 | D:10     | Noticed a death yak
  6324 | D:10     | Noticed a death yak
  6324 | D:10     | Noticed a death yak
  6325 | D:10     | Noticed a death yak
  6326 | D:10     | Noticed a death yak
  6327 | D:10     | Banished a death yak
  6328 | D:10     | Noticed a death yak
  6336 | D:10     | Killed a death yak
  6337 | D:10     | Killed a death yak
  6337 | D:10     | Reached skill level 10 in Axes
  6349 | D:10     | Killed a death yak
  6358 | D:10     | Killed a death yak
  6358 | D:10     | Reached skill level 8 in Invocations
  6359 | D:10     | Killed a death yak
  6359 | D:10     | Reached *** piety under Makhleb
  6391 | D:10     | Found a staircase to the Lair.
  6580 | D:10     | Noticed a seven-headed hydra
  6601 | D:10     | Killed a death yak
  6629 | D:10     | Noticed a two-headed ogre
  6645 | D:10     | Killed a two-headed ogre
  6744 | D:11     | Found a staircase to the Orcish Mines.
  6761 | D:11     | Found a roughly hewn altar of Beogh.
  6795 | D:11     | Reached skill level 9 in Invocations
  6817 | D:11     | You fall into a shaft and drop 2 floors!
  7025 | D:12     | Noticed a two-headed ogre
  7036 | D:12     | Killed a two-headed ogre
  7063 | D:12     | Reached XP level 12. HP: 100/115 MP: 11/11
  7071 | D:12     | Reached **** piety under Makhleb
  7247 | D:12     | Found a gate leading to a gauntlet.
  7256 | Gauntlet | Entered a Gauntlet
  7256 | Gauntlet | Found a transporter.
  7265 | Gauntlet | Found a transporter.
  7277 | Gauntlet | Found a transporter.
  7281 | Gauntlet | Found a transporter.
  7291 | Gauntlet | Found a transporter.
  7311 | Gauntlet | Found a transporter.
  7321 | Gauntlet | Found a transporter.
  7346 | Gauntlet | Found a transporter.
  7350 | Gauntlet | Noticed a cacodemon
  7352 | Gauntlet | Found a transporter.
  7356 | Gauntlet | Found a transporter.
  7386 | Gauntlet | Found a transporter.
  7386 | Gauntlet | Found a transporter.
  7439 | Gauntlet | Noticed a catoblepas
  7522 | Gauntlet | Got a pair of encrusted boots
  7528 | Gauntlet | Identified the +0 pair of boots of Hoavvad {rF+++ rC+++
                  | Str-4 Int-4} (You found it in a Gauntlet)
  7572 | Gauntlet | Got a slimy glass ring
  7574 | Gauntlet | Identified the ring of Loeqid {Ice Int+6} (You found it in
                  | a Gauntlet)
  7578 | Gauntlet | Noticed a minotaur
  7589 | Gauntlet | Killed a minotaur
  7654 | D:12     | Reached skill level 10 in Invocations
  8179 | D:11     | Found a runed translucent door.
  8179 | D:11     | Noticed EtherCrawl's ghost (journeyman DDBe)
  8210 | D:11     | Reached skill level 10 in Fighting
  8282 | D:11     | Found Kampurusm's Assorted Antiques.
  8314 | D:11     | Bought a scroll labeled YCOLOR EVOEMISK for 23 gold pieces
  8675 | D:10     | Banished a death yak
  8696 | D:10     | Got a warped plate armour
  8720 | D:9      | Killed Harold
  8735 | D:9      | Identified the cursed +0 plate armour of Anaesthesia {Dex+3
                  | Slay+3} (You found it on level 10 of the Dungeon)
  8783 | D:10     | Killed a 16-headed hydra
  8822 | Lair:1   | Entered Level 1 of the Lair of Beasts
  8838 | Lair:1   | Reached skill level 11 in Invocations
  8904 | Lair:1   | You fall into a shaft and drop 1 floor!
  9067 | Lair:2   | Found a hole to the Spider Nest.
  9069 | Lair:2   | Reached XP level 13. HP: 106/124 MP: 11/11
  9393 | Lair:2   | Noticed a dire elephant
  9413 | Lair:2   | Found a runed translucent door.
 10132 | Lair:3   | Found a staircase to the Swamp.
 10259 | Lair:3   | Reached ***** piety under Makhleb
 10303 | Spider:1 | Entered Level 1 of the Spider Nest
 10343 | Spider:2 | Reached skill level 12 in Invocations
 10377 | Spider:2 | Noticed Aizul
 10381 | Spider:2 | Noticed an Executioner
 10381 | Spider:2 | Noticed Agnes
 10411 | Spider:2 | Banished Aizul
 10420 | Spider:2 | Noticed an emperor scorpion
 10475 | Spider:2 | Reached skill level 10 in Shields
 10535 | Spider:2 | Reached skill level 10 in Armour
 10584 | Spider:2 | Killed Agnes
 10584 | Spider:2 | Gained mutation: You resist negative energy. (rN+) [Deep
                  | Dwarf growth]
 10584 | Spider:2 | Reached XP level 14. HP: 106/135 MP: 11/11
 10650 | Spider:2 | Killed an emperor scorpion
 10710 | Spider:3 | Reached skill level 13 in Invocations
 10721 | Spider:3 | Got an ancient sapphire amulet
 10775 | Spider:3 | Identified Roxanne's Volume of Transformation
 10775 | Spider:3 | Noticed Roxanne
 10980 | Spider:4 | Entered Level 4 of the Spider Nest
 11010 | Spider:4 | Noticed an entropy weaver
 11047 | Spider:4 | Noticed Arachne
 11082 | Spider:4 | Noticed an entropy weaver
 11093 | Spider:4 | Killed an entropy weaver
 11109 | Spider:4 | Killed an entropy weaver
 11132 | Spider:4 | Got a clouded brass ring
 11133 | Spider:4 | Identified the ring "Foestryad" {rF+ rN+ MR+} (You found it
                  | on level 4 of the Spider Nest)
 11170 | Spider:4 | Killed Arachne
 11226 | Spider:4 | Reached skill level 10 in Dodging
 11361 | Spider:4 | Noticed an emperor scorpion
 11428 | Spider:4 | Reached skill level 14 in Invocations
 11434 | Spider:4 | Noticed an emperor scorpion
 11450 | Spider:4 | Banished an emperor scorpion
 11465 | Spider:4 | Killed an emperor scorpion
 11641 | Spider:4 | Noticed an emperor scorpion
 11654 | Spider:4 | Banished a ghost moth
 11661 | Spider:4 | Got a gossamer rune of Zot
 11811 | Spider:2 | Identified the amulet of Satyriasis {Reflect SH+5 SInv}
                  | (You found it on level 3 of the Spider Nest)
 11822 | Spider:1 | Noticed an entropy weaver
 11840 | Lair:2   | Reached XP level 15. HP: 116/145 MP: 9/9
 11879 | Swamp:1  | Entered Level 1 of the Swamp
 12211 | Swamp:2  | Noticed a thorn hunter
 12618 | Swamp:4  | Entered Level 4 of the Swamp
 12660 | Swamp:4  | Reached skill level 15 in Invocations
 12701 | Swamp:4  | Noticed a thorn hunter
 12714 | Swamp:4  | Banished a thorn hunter
 12722 | Swamp:4  | Noticed a thorn hunter
 12738 | Swamp:4  | Killed a thorn hunter
 12745 | Swamp:4  | Reached skill level 15 in Axes
 12783 | Swamp:4  | Got a decaying rune of Zot
 12792 | Swamp:4  | Identified a scroll of acquirement
 12860 | Swamp:3  | Noticed a thorn hunter
 12881 | Swamp:3  | Killed a thorn hunter
 13353 | D:13     | Found a gate to the Vaults.
 13353 | D:13     | Noticed Azrael
 13506 | D:14     | Reached XP level 16. HP: 151/157 MP: 11/11
 13580 | D:14     | Found a stormy altar of Qazlal.
 13670 | D:15     | Entered Level 15 of the Dungeon
 13882 | D:15     | Noticed Nessos
 13904 | D:15     | Reached skill level 16 in Invocations
 13915 | D:15     | Killed Nessos
 14640 | D:15     | Found a staircase to the Depths.
 14941 | D:15     | Cast into level 4 of the Abyss (a distortion unwield)
 15212 | Abyss:4  | Noticed a tentacled starspawn
 15220 | Abyss:4  | Killed a tentacled starspawn
 15240 | Abyss:4  | Lost intelligence.
 15245 | Abyss:4  | Noticed a tentacled starspawn
 15246 | D:15     | Escaped the Abyss
 15248 | D:15     | Reached ****** piety under Makhleb
 15581 | D:15     | Cast into level 3 of the Abyss (a distortion unwield)
 15826 | Abyss:3  | Paralysed by accursed screaming for 1 turns
 15887 | Abyss:4  | Found a corrupted altar of Lugonu.
 15887 | Abyss:4  | Noticed a hellephant
 15890 | Abyss:4  | Got an abyssal rune of Zot
 15912 | D:15     | Escaped the Abyss
 16032 | Depths:1 | Entered Level 1 of the Depths
 16050 | Depths:1 | Paralysed by a great orb of eyes for 6 turns
 16263 | Depths:1 | Reached skill level 17 in Invocations
 16496 | Depths:1 | Reached XP level 17. HP: 146/166 MP: 13/13
 16623 | Depths:3 | Found a one-way gate leading to the halls of Pandemonium.
 16760 | Depths:4 | Noticed a lich
 16766 | Depths:4 | Found Torghela's Assorted Antiques.
 16768 | Depths:4 | Found a one-way gate to the infinite horrors of the Abyss.
 16810 | Depths:4 | Bought a scroll of teleportation for 111 gold pieces
 17099 | Depths:5 | Entered Level 5 of the Depths
 17653 | Depths:5 | Found a gateway to Hell.
 17718 | Depths:5 | Reached skill level 18 in Invocations
 17768 | Depths:5 | Found a gate to the Realm of Zot.
 17802 | Zot:1    | Entered Level 1 of the Realm of Zot
 17831 | Zot:1    | Noticed a golden dragon
 17842 | Zot:1    | Killed a golden dragon
 17903 | Zot:1    | Noticed a quicksilver dragon
 17915 | Zot:1    | Killed a quicksilver dragon
 18013 | Zot:1    | Noticed a golden dragon
 18241 | Zot:1    | Noticed a tentacled monstrosity
 18367 | Zot:1    | Noticed a tentacled monstrosity
 18374 | Zot:1    | Noticed a tentacled monstrosity
 18459 | Zot:3    | Noticed an orb of fire
 18471 | Zot:3    | Noticed a tentacled monstrosity
 18474 | Zot:3    | Noticed a curse toe
 18502 | Zot:3    | Noticed a golden dragon
 18506 | Zot:3    | Killed a curse toe
 18543 | Zot:3    | Gained mutation: You passively map a large area around you.
                  | [Deep Dwarf growth]
 18543 | Zot:3    | Reached XP level 18. HP: 91/177 MP: 2/12
 18544 | Zot:3    | Banished a golden dragon
 18573 | Zot:3    | Reached skill level 15 in Fighting
 18671 | Zot:4    | Noticed a golden dragon
 18672 | Zot:4    | Noticed an orb of fire
 18702 | Zot:4    | Noticed a golden dragon
 18709 | Zot:4    | Gained mutation: You are weak. (Str -2) [an orb of fire]
 18710 | Zot:4    | Banished a golden dragon
 18720 | Zot:4    | Gained mutation: Your body sometimes deteriorates upon
                  | taking damage. [an orb of fire]
 18731 | Zot:4    | Gained mutation: You are clumsy. (Dex -2) [an orb of fire]
 18736 | Zot:4    | Killed an orb of fire
 18744 | Zot:4    | Noticed a golden dragon
 18823 | Zot:4    | Reached skill level 19 in Invocations
 18880 | Zot:4    | Killed a golden dragon
 19216 | Zot:5    | Entered Level 5 of the Realm of Zot
 19216 | Zot:5    | Noticed a curse toe
 19228 | Zot:5    | Banished a curse toe
 19233 | Zot:5    | Noticed a tentacled monstrosity
 19241 | Zot:5    | Killed a tentacled monstrosity
 19361 | Zot:5    | Noticed a curse toe
 19371 | Zot:5    | Killed a curse toe
 19384 | Zot:5    | Noticed a Killer Klown
 19384 | Zot:5    | Noticed an ancient lich
 19384 | Zot:5    | Noticed a Killer Klown
 19384 | Zot:5    | Noticed an electric golem
 19384 | Zot:5    | Noticed an ancient lich
 19384 | Zot:5    | Noticed a tentacled monstrosity
 19384 | Zot:5    | Noticed an Orb Guardian
 19385 | Zot:5    | Noticed an orb of fire
 19385 | Zot:5    | Noticed a curse toe
 19385 | Zot:5    | Noticed a golden dragon
 19388 | Zot:5    | Noticed an Orb Guardian
 19388 | Zot:5    | Noticed an Orb Guardian
 19388 | Zot:5    | Noticed a curse toe
 19390 | Zot:5    | Killed from afar by a purple draconian

Levels and vault maps discovered:
D:1:      dpeg_arrival_boxes_within_box, layout_rooms
D:2:      layout_basic, first_ration, minmay_unequal, uniq_jessica
D:3:      layout_loops_ring, lemuel_coloured_pillars_altar, uniq_grinder
D:4:      kennysheep_goblin_castle, layout_loops_ring, fedhas_altar_3
D:5:      layout_loops_ring, lightli_sewer_entry_pipes, bloody_trog
D:6:      layout_layer_cave, marbit_many_paths, grunt_temple_overflow_open,
          uniq_maggie, uniq_crazy_yiuf_cottage
D:7:      cheibrodos_helix_gallery, layout_basic,
          minmay_temple_entry_statues_pillars, basic_altar, serial_shops, shop,
          uniq_prince_ribbit1
D:8:      layout_basic, xom_confusion_cloud, serial_shops, shop, enter_bailey_3
D:9:      layout_roguey [special_room_orc], hangedman_ranch
          [blue_anna_fruit_fields], uniq_harold
D:10:     layout_basic, dpeg_lair_monsters, minivault_15,
          minmay_mirror_moons_of_madness
D:11:     layout_roguey, minmay_orc_entry_temple_small,
          ebering_ghost_reflecting_pool, serial_shops, nicolae_shop_waterfront
D:12:     layout_small_grid, gauntlet_entry_generic, st_stairs_1,
          kennysheep_generic_room_16
D:13:     layout_stronghold, erik_vaults_1, serial_column_ruins,
          column_ruins_open_tiny_water, column_ruins_open_small,
          column_ruins_open_small, column_ruins_columns_straight,
          roderic_serpentine_path, serial_bayou_pond_e, lemuel_blue_sif_altar,
          uniq_azrael
D:14:     minmay_spotlight, layout_small_grid, nicolae_qazlal_eye_of_the_storm
D:15:     grunt_enter_depths_hoard, layout_layer_cave, nrook_mini_vaults,
          uniq_nessos
Temple:   nicolae_temple_elliptical
Lair:1:   layout_layer_cave, enter_volcano_4, chequers_serial_rivers_small_b,
          beast_lair_carwin_10, grunt_megastairs_3, uniq_nergalle
Lair:2:   gammafunk_lair_enchanted_lake, layout_loops_ring, spider_nest_entry_a
Lair:3:   layout_gridlike, swamp_mist, serial_bayou_shore_a
Swamp:1:  gammafunk_the_bubble [the_bubble_gammafunk_plus_minus],
          layout_basic_swamp, hangedman_swamp_ruin_hall,
          infiniplex_staircase_pool
Swamp:2:  layout_falls_marsh, evilmike_swamp_ruin_house_6
Swamp:3:  layout_basic_swamp, serial_swamp_ruin, evilmike_swamp_ruin_rubble_1,
          evilmike_swamp_ruin_house_5, evilmike_swamp_ruin_wall, swamp_pool1
Swamp:4:  swamp, layout_basic_swamp
Spider:1: layout_spider_delve, zaba_anthell
Spider:2: layout_spider_delve, nicolae_orb_stairs, uniq_aizul, uniq_agnes
Spider:3: layout_spider_delve, worms_lemuel, nicolae_spider_cling_halls,
          uniq_roxanne
Spider:4: guppyfry_spider_rune, uniq_arachne
Depths:1: minmay_bubble_buster, layout_gridlike, biasface_ghost_demon_polymorph,
          pf_hell_entry_tar_spiral, serial_shops, bzr_entry_water, hex_medium,
          serial_sigils_hangedman_carve, lemuel_flamethrower_2
Depths:2: minmay_three_patterns, layout_cave_shapes, pf_hell_entry_great_geh,
          st_stairs_8, grunt_decor_arrowhead, minmay_staircase_bubble
Depths:3: minmay_guarded_unrand_guard, layout_basic, enter_ziggurat_b,
          hangedman_abyss_or_decor_passed, hell_entry, enter_trove_2, pan_entry,
          kennysheep_random_hallway, minmay_shop_grove
Depths:4: hangedman_box_tower, layout_gridlike, serial_co_window_serial,
          co_window_paths_b, co_window_paths_a, co_window_paths_b,
          co_window_paths_a, co_window_corner_a, co_window_cross_2,
          co_window_broadway_a, co_window_unsneaky_path_d, glass_columns_a,
          glass_columns_b, glass_columns_a, glass_columns_a, glass_columns_a,
          serial_shops, nicolae_shop_overgrown_old_shop, abyss_entry,
          hell_entry, kennysheep_flooded_box
Depths:5: evilmike_zot_entry_round, layout_basic, grunt_hell_entry_dis_grunt,
          corexii_hall_statues_t, lemuel_flamethrower_hall
Zot:1:    layout_gridlike, grunt_ministairs_8
Zot:2:    layout_twisted_circle
Zot:3:    layout_onion, zot_minivault_2
Zot:4:    layout_twisted_circle, grunt_ministairs_1
Zot:5:    layout_onion

Skill      XL: |  1  2  3  4  5  6  7  8  9 10 11 12 13 14 15 16 17 18 |
---------------+-------------------------------------------------------+-----
Fighting       | 3 4 5 6 7 8 9 10 11 12 13 14 15 | 15.6
Dodging        | 1 2 3 4 5 6 7 8 9 10 | 10.2
Axes           | 3 4 5 7 8 9 10 12 13 14 15 16 17 18 | 18.0
Shields        | 4 5 6 7 8 9 10 11 12 13 | 13.6
Armour         | 4 5 6 7 8 9 10 11 12 13 | 13.6
Invocations    | 4 7 9 11 12 14 15 17 18 19 | 19.4

Action                   |  1- 3 |  4- 6 |  7- 9 | 10-12 | 13-15 | 16-18 || total
-------------------------+-------+-------+-------+-------+-------+-------++-------
Melee: War axe           |    64 |    95 |   500 |       |       |       ||   659
       Broad axe         |       |       |   152 |   678 |  1221 |  1507 ||  3558
       Headbutt          |       |       |       |    94 |   243 |   337 ||   674
Invok: Lesser Servant of |       |       |       |       |    22 |       ||    22
       Greater Servant o |       |       |       |       |     4 |     5 ||     9
 Abil: Heal Wounds       |       |     7 |    16 |    13 |    52 |    53 ||   141
Evoke: Wand              |       |       |     3 |       |       |       ||     3
       Lightning rod     |       |       |       |     3 |       |       ||     3
  Use: Scroll            |       |       |    10 |    18 |    10 |    13 ||    51
       Potion            |       |       |       |     5 |     3 |     7 ||    15
 Stab: Paralysed         |       |       |    12 |       |       |       ||    12
       Distracted        |       |       |       |       |     3 |     3 ||     6
       Confused          |       |       |       |       |     1 |       ||     1
  Eat: Chunk             |       |       |    14 |    12 |    13 |     7 ||    46
       Ration            |       |       |     1 |     1 |     2 |     5 ||     9
Armor: Scale mail        |    30 |    26 |   202 |    53 |       |       ||   311
       Plate armour      |       |       |       |   261 |   826 |   335 ||  1422
       Gold dragon scale |       |       |       |       |       |   286 ||   286
Dodge: Dodged            |    27 |    38 |   282 |   464 |  1038 |   594 ||  2443
       Deflected         |       |       |       |    17 |    20 |    55 ||    92
Block: Kite shield       |    33 |    58 |   426 |   588 |  1419 |  1131 ||  3655

Table legend:
 A = Non-vault XP
 B = Vault XP
 C = Vault XP percentage of total XP
 D = Non-vault monster count
 E = Vault monster count
 F = Vault count percentage of total count
                 A         B        C        D         E       F
            +---------+---------+-------+---------+---------+-------
      Total |  272861 |   85435 |  23.8 |     689 |     305 |  30.7
            +---------+---------+-------+---------+---------+-------
        D:1 |      15 |       0 |   0.0 |       9 |       0 |   0.0
        D:2 |       4 |       0 |   0.0 |       2 |       0 |   0.0
        D:4 |     779 |      60 |   7.2 |      24 |      12 |  33.3
        D:5 |     752 |     108 |  12.6 |      22 |      17 |  43.6
        D:6 |     517 |     513 |  49.8 |      12 |       3 |  20.0
        D:7 |    1071 |     343 |  24.3 |      14 |       3 |  17.6
        D:8 |    1328 |     236 |  15.1 |      22 |       6 |  21.4
        D:9 |    1472 |    2352 |  61.5 |      16 |      35 |  68.6
       D:10 |    3529 |    7881 |  69.1 |      16 |      15 |  48.4
       D:11 |    1888 |     238 |  11.2 |      19 |       9 |  32.1
       D:12 |    6457 |     827 |  11.4 |      29 |       5 |  14.7
       D:13 |    1063 |    1676 |  61.2 |       4 |       6 |  60.0
       D:14 |    3897 |       0 |   0.0 |      21 |       0 |   0.0
       D:15 |    9438 |    5724 |  37.8 |      40 |       6 |  13.0
     Lair:1 |    2886 |     585 |  16.9 |      16 |       2 |  11.1
     Lair:2 |    2518 |    1895 |  42.9 |      11 |       7 |  38.9
     Lair:3 |    5950 |       0 |   0.0 |      28 |       0 |   0.0
    Swamp:1 |    5986 |       0 |   0.0 |      15 |       0 |   0.0
    Swamp:2 |   14144 |       0 |   0.0 |      40 |       0 |   0.0
    Swamp:3 |    8335 |       0 |   0.0 |      23 |       0 |   0.0
    Swamp:4 |    7234 |   11339 |  61.1 |      26 |      22 |  45.8
   Spider:1 |    1823 |     579 |  24.1 |       7 |       5 |  41.7
   Spider:2 |   12706 |    4726 |  27.1 |      39 |       7 |  15.2
   Spider:3 |    7069 |    3542 |  33.4 |      19 |      10 |  34.5
   Spider:4 |    9023 |   15726 |  63.5 |      19 |      32 |  62.7
   Depths:1 |   10103 |    6991 |  40.9 |      16 |       7 |  30.4
   Depths:2 |    1352 |    2280 |  62.8 |       2 |       2 |  50.0
   Depths:3 |    2527 |       0 |   0.0 |       7 |       0 |   0.0
   Depths:4 |   15075 |       0 |   0.0 |      16 |       0 |   0.0
   Depths:5 |   21907 |    7951 |  26.6 |      32 |       7 |  17.9
      Zot:1 |   15167 |       0 |   0.0 |      10 |       0 |   0.0
      Zot:3 |    8281 |    3742 |  31.1 |       5 |       3 |  37.5
      Zot:4 |   50715 |       0 |   0.0 |      30 |       0 |   0.0
      Zot:5 |   13165 |       0 |   0.0 |      12 |       0 |   0.0
    Abyss:3 |   10178 |       0 |   0.0 |      30 |       0 |   0.0
    Abyss:4 |   14507 |    2607 |  15.2 |      36 |       3 |   7.7
      Sewer |       0 |     409 | 100.0 |       0 |      69 | 100.0
     Bailey |       0 |     428 | 100.0 |       0 |       6 | 100.0
   Gauntlet |       0 |    2677 | 100.0 |       0 |       6 | 100.0
            +---------+---------+-------+---------+---------+-------
